[Event "FIDE WYCC Open U14 2023"]
[Site "Montesilvano"]
[Date "2023.11.14"]
[Round "2.25"]
[White "Katsanis, Vasileios Dim"]
[Black "Milovic, Ilija"]
[Result "1-0"]
[ECO "D30"]
[WhiteElo "2173"]
[BlackElo "1908"]
[Annotator "ChessBase"]
[PlyCount "77"]
[EventDate "2023.11.13"]
[EventType "swiss"]
[EventCountry "ITA"]
[SourceTitle "playchess.com"]
[Source "ChessBase"]
[SourceQuality "1"]
[TimeControl "40/5400+30:1800+30"]

1. d4 d5 2. c4 e6 3. cxd5 exd5 4. Nc3 c6 5. Qc2 Bd6 6. Nf3 h6 7. g3 Nf6 8. Bf4 O-O 9. Bxd6 Qxd6 10. Bg2 Re8 11. O-O Ne4 12. Ne5 Bf5 13. Nxe4 dxe4 14. Rfd1 Nd7 15. Nc4 Qe6 16. Ne3 Bh3 17. d5 cxd5 18. Rxd5 Bxg2 19. Kxg2 Nf6 20. Rd4 Rac8 21. Qb3 Qxb3 22. axb3 a6 23. Rad1 Re6 24. Rb4 b5 25. g4 Rc5 26. h3 h5 27. Kg3 Rb6 28. Rbd4 hxg4 29. hxg4 g6 30. b4 Re5 31. Rd6 Re6 32. Rd8+ Kg7 33. g5 Nh5+ 34. Kg4 Rb7 35. Ra8 f5+ 36. Nxf5+ gxf5+ 37. Kxh5 e3 38. f3 Rc7 39. Rdd8 1-0

[Event "FIDE WYCC Open U14 2023"]
[Site "Montesilvano"]
[Date "2023.11.14"]
[Round "2.26"]
[White "Panda, Barnabas"]
[Black "Sodbilegt, Naranbold"]
[Result "1/2-1/2"]
[ECO "E32"]
[WhiteElo "1905"]
[BlackElo "2151"]
[Annotator "ChessBase"]
[PlyCount "115"]
[EventDate "2023.11.13"]
[EventType "swiss"]
[EventCountry "ITA"]
[SourceTitle "playchess.com"]
[Source "ChessBase"]
[SourceQuality "1"]
[TimeControl "40/5400+30:1800+30"]

1. d4 Nf6 2. c4 e6 3. Nc3 Bb4 4. Qc2 O-O 5. Nf3 d6 6. a3 Bxc3+ 7. Qxc3 b6 8. e3 Bb7 9. Bd3 Nbd7 10. b4 Ne4 11. Qc2 f5 12. O-O c5 13. Bb2 Qe7 14. Nd2 Nxd2 15. Qxd2 e5 16. Rad1 cxd4 17. exd4 e4 18. Bc2 d5 19. Bb3 Nf6 20. c5 b5 21. Bc1 Bc6 22. Qe2 Qc7 23. g3 Be8 24. Bf4 Qc6 25. Rc1 Bf7 26. Be5 Ng4 27. Bd6 Rfe8 28. a4 a6 29. Ra1 Nf6 30. Ra2 Bh5 31. Qd2 Bf7 32. Rfa1 e3 33. fxe3 Ne4 34. Qd3 Nxd6 35. cxd6 Rac8 36. axb5 axb5 37. Rc2 Qxd6 38. Rxc8 Rxc8 39. Qxb5 h6 40. Qd3 Qxb4 41. Qxf5 Qc3 42. Rf1 Qxe3+ 43. Kh1 Qe6 44. Qxe6 Bxe6 45. Re1 Kf7 46. Re5 Rd8 47. Kg2 Ke7 48. g4 Kd6 49. g5 Rb8 50. Bd1 Rb2+ 51. Kg3 Rb1 52. Bf3 Rg1+ 53. Kf4 Ra1 54. gxh6 gxh6 55. Rh5 Ra4 56. Ke3 Ra3+ 57. Ke2 Ra4 58. Ke3 1/2-1/2

[Event "FIDE WYCC Open U14 2023"]
[Site "Montesilvano"]
[Date "2023.11.14"]
[Round "2.27"]
[White "Myagmarsuren, Evsuld"]
[Black "Radzimski, Antoni"]
[Result "1/2-1/2"]
[ECO "C55"]
[WhiteElo "2150"]
[BlackElo "1904"]
[Annotator "ChessBase"]
[PlyCount "134"]
[EventDate "2023.11.13"]
[EventType "swiss"]
[EventCountry "ITA"]
[SourceTitle "playchess.com"]
[Source "ChessBase"]
[SourceQuality "1"]
[TimeControl "40/5400+30:1800+30"]

1. e4 e5 2. Nf3 Nc6 3. Bc4 Nf6 4. d3 Be7 5. O-O O-O 6. Re1 d6 7. a4 Kh8 8. Nc3 Bg4 9. h3 Bh5 10. Nd5 Nxd5 11. Bxd5 Bxf3 12. Qxf3 Nd4 13. Qd1 c6 14. Ba2 Bg5 15. c3 Ne6 16. g3 Bxc1 17. Rxc1 Qf6 18. Kg2 Rad8 19. a5 g6 20. h4 Kg7 21. b4 Rfe8 22. Qe2 Nc7 23. Qe3 d5 24. exd5 Nxd5 25. Qxa7 e4 26. Bxd5 cxd5 27. Re3 d4 28. cxd4 Rxd4 29. Qxb7 Rxd3 30. Rc6 Qf5 31. Rc5 Qf6 32. Rxd3 exd3 33. Qf3 Rd8 34. Qxf6+ Kxf6 35. Rc1 Ke5 36. a6 Rb8 37. a7 Ra8 38. Rc7 d2 39. Rd7 Rxa7 40. Rxd2 Rb7 41. Rb2 Ke4 42. b5 Rb6 43. Rb4+ Kd5 44. Kf3 Kc5 45. Rb2 f6 46. Rc2+ Kd5 47. Rd2+ Ke5 48. Rb2 h5 49. Ke3 g5 50. Rb4 Kd5 51. Kf3 Ke5 52. Ke3 Kd5 53. Kd3 Kc5 54. Kc3 Kd5 55. g4 hxg4 56. hxg5 fxg5 57. Rxg4 Rf6 58. Rxg5+ Kd6 59. Kb4 Rxf2 60. Ka5 Kc7 61. Rg7+ Kb8 62. Ka6 Rf6+ 63. b6 Rf8 64. Rg6 Rh8 65. Kb5 Rh5+ 66. Kc6 Rh8 67. b7 Rf8 1/2-1/2

[Event "FIDE WYCC Open U14 2023"]
[Site "Montesilvano"]
[Date "2023.11.14"]
[Round "2.28"]
[White "Sharshenbekov, Emir"]
[Black "Farias, David Nuno M E"]
[Result "0-1"]
[ECO "B26"]
[WhiteElo "1893"]
[BlackElo "2149"]
[Annotator "NA"]
[PlyCount "80"]
[EventDate "2023.11.13"]
[EventType "swiss"]
[EventCountry "ITA"]
[SourceTitle "playchess.com"]
[Source "ChessBase"]
[SourceQuality "1"]
[TimeControl "40/5400+30:1800+30"]

1. e4 c5 2. Nc3 d6 3. g3 Nc6 4. Bg2 g6 5. d3 Bg7 6. Be3 Rb8 7. Qd2 b5 8. Nd1 b4 9. c3 bxc3 10. bxc3 Ba6 11. f4 e5 12. Ne2 Nf6 13. Nf2 O-O 14. f5 c4 15. fxg6 hxg6 16. d4 exd4 17. cxd4 Nb4 18. O-O Nd3 19. Rfb1 Nxf2 20. Bxf2 Ng4 21. Be1 c3 22. Nxc3 Qf6 23. Rd1 Bh6 24. Nd5 Qh8 25. Nf6+ Qxf6 26. Qa5 Be2 27. e5 dxe5 28. dxe5 Be3+ 29. Kh1 Qb6 30. Qa4 Bxd1 31. Rxd1 Nf2+ 32. Bxf2 Bxf2 33. Bd5 Rbd8 34. Qe4 Kg7 35. Qf4 Be3 36. Qe4 Bg5 37. Rd4 Qc5 38. h4 Be7 39. Rd3 Qc1+ 40. Kg2 Qc2+ 0-1

[Event "FIDE WYCC Open U14 2023"]
[Site "Montesilvano"]
[Date "2023.11.14"]
[Round "2.29"]
[White "Yun, Hungi"]
[Black "kiladze, Luka"]
[Result "1/2-1/2"]
[ECO "B33"]
[WhiteElo "1884"]
[BlackElo "2145"]
[Annotator "NA"]
[PlyCount "81"]
[EventDate "2023.11.13"]
[EventType "swiss"]
[EventCountry "ITA"]
[SourceTitle "playchess.com"]
[Source "ChessBase"]
[SourceQuality "1"]
[TimeControl "40/5400+30:1800+30"]

1. e4 c5 2. Nf3 Nc6 3. d4 cxd4 4. Nxd4 Nf6 5. Nc3 e5 6. Ndb5 d6 7. Bg5 a6 8. Na3 b5 9. Nd5 Be7 10. Bxf6 Bxf6 11. c3 Rb8 12. Nc2 Bg5 13. a4 bxa4 14. Ncb4 Nxb4 15. cxb4 O-O 16. Rxa4 a5 17. b5 Bd7 18. Nc3 Be7 19. Bc4 d5 20. exd5 Bd6 21. O-O f5 22. f4 exf4 23. Ne2 Bxb5 24. Bxb5 Rxb5 25. Nxf4 Qb6+ 26. Kh1 Rxb2 27. Ne6 Rb8 28. Ra1 g6 29. Qc1 Rf2 30. Rxf2 Qxf2 31. Qc3 Qb2 32. Qxa5 Qe5 33. g3 Qe4+ 34. Kg1 Qe3+ 35. Kh1 h5 36. Re1 Qf2 37. Qc3 Qb2 38. Qxb2 Rxb2 39. Ng5 Kg7 40. Re6 Bc5 41. Nf3 1/2-1/2

[Event "FIDE WYCC Open U14 2023"]
[Site "Montesilvano"]
[Date "2023.11.14"]
[Round "2.30"]
[White "Hobson, Kenneth"]
[Black "Tamer Waguih, Farid"]
[Result "1/2-1/2"]
[ECO "B13"]
[WhiteElo "2142"]
[BlackElo "1893"]
[Annotator "NA"]
[PlyCount "107"]
[EventDate "2023.11.13"]
[EventType "swiss"]
[EventCountry "ITA"]
[SourceTitle "playchess.com"]
[Source "ChessBase"]
[SourceQuality "1"]
[TimeControl "40/5400+30:1800+30"]

1. e4 c6 2. d4 d5 3. exd5 cxd5 4. Bd3 Nc6 5. c3 Qc7 6. Na3 a6 7. Nc2 Nf6 8. Bg5 Bg4 9. f3 Bh5 10. Ne2 e6 11. Bf4 Bd6 12. Bxd6 Qxd6 13. O-O O-O 14. Ng3 Bg6 15. f4 Bxd3 16. Qxd3 Nd7 17. Ne3 f5 18. a4 Nf6 19. Qe2 h6 20. Rae1 Rae8 21. Qd1 Ne7 22. Nc2 Ng6 23. Ne2 Ne4 24. Nb4 Ne7 25. Nd3 Nc6 26. Ng3 Re7 27. Nxe4 fxe4 28. Ne5 Nxe5 29. fxe5 Qd7 30. Rxf8+ Kxf8 31. a5 Qb5 32. Rf1+ Rf7 33. Rxf7+ Kxf7 34. b4 Qc6 35. Qd2 Qc4 36. h4 Qb3 37. Kf2 Qc4 38. Qe3 Qa2+ 39. Kg3 Qc4 40. Qd2 Qf1 41. Qe3 Qc4 42. h5 Qf1 43. Qd2 Qf5 44. Qe2 Qg5+ 45. Kh2 Qf4+ 46. g3 Qc1 47. b5 e3 48. bxa6 bxa6 49. Qxa6 Qd2+ 50. Kh3 e2 51. Qb7+ Kg8 52. Qb8+ Kh7 53. Qb1+ Kg8 54. Qb8+ 1/2-1/2

[Event "FIDE WYCC Open U14 2023"]
[Site "Montesilvano"]
[Date "2023.11.14"]
[Round "2.31"]
[White "Prokhorov, Aleksey"]
[Black "Bazilius, Augustinas"]
[Result "1/2-1/2"]
[ECO "B23"]
[WhiteElo "1869"]
[BlackElo "2138"]
[Annotator "NA"]
[PlyCount "142"]
[EventDate "2023.11.13"]
[EventType "swiss"]
[EventCountry "ITA"]
[SourceTitle "playchess.com"]
[Source "ChessBase"]
[SourceQuality "1"]
[TimeControl "40/5400+30:1800+30"]

1. e4 c5 2. Nc3 d6 3. g3 Nc6 4. Bg2 g6 5. f4 Bg7 6. Nf3 e6 7. O-O Nge7 8. d3 O-O 9. Be3 Nd4 10. e5 Bd7 11. Ne4 Nef5 12. Bf2 Nxf3+ 13. Qxf3 Bc6 14. c3 Rc8 15. d4 h5 16. Rfc1 Bd5 17. Qe2 cxd4 18. cxd4 Qa5 19. Nc3 Bxg2 20. Kxg2 d5 21. Qb5 Qxb5 22. Nxb5 a6 23. Nd6 Nxd6 24. exd6 Rfd8 25. d7 Rxc1 26. Rxc1 Rxd7 27. Rc8+ Bf8 28. Be1 Kg7 29. Ba5 Be7 30. Kf3 f6 31. h3 Bd6 32. b3 Kf7 33. Bb6 e5 34. fxe5 fxe5 35. dxe5 Bxe5 36. g4 hxg4+ 37. hxg4 Ke6 38. Re8+ Re7 39. Rxe7+ Kxe7 40. Bc5+ Bd6 41. Bd4 Ke6 42. Ke3 Be5 43. Bb6 Kd6 44. Kd3 Bb2 45. Ke3 Ba3 46. Kd4 Bb4 47. Bd8 Bc5+ 48. Kd3 Ke5 49. Bg5 Bf2 50. Bh6 d4 51. Ke2 Be3 52. Bxe3 dxe3 53. Kxe3 a5 54. Kf3 b5 55. Ke3 a4 56. b4 a3 57. g5 Kf5 58. Kd4 Kxg5 59. Kc5 Kf5 60. Kxb5 g5 61. Ka6 g4 62. b5 g3 63. b6 g2 64. b7 g1=Q 65. b8=Q Qc1 66. Ka5 Qb2 67. Qg8 Ke5 68. Ka4 Kd6 69. Qc4 Kd7 70. Qb3 Qxb3+ 71. Kxb3 Kc6 1/2-1/2

[Event "FIDE WYCC Open U14 2023"]
[Site "Montesilvano"]
[Date "2023.11.14"]
[Round "2.32"]
[White "Tregubenko, Nikolay"]
[Black "Zhang, Kendrick Botong"]
[Result "1-0"]
[ECO "B47"]
[WhiteElo "2138"]
[BlackElo "1876"]
[Annotator "ChessBase"]
[PlyCount "191"]
[EventDate "2023.11.13"]
[EventType "swiss"]
[EventCountry "ITA"]
[SourceTitle "playchess.com"]
[Source "ChessBase"]
[SourceQuality "1"]
[TimeControl "40/5400+30:1800+30"]

1. e4 c5 2. Nf3 e6 3. d4 cxd4 4. Nxd4 Nc6 5. Nc3 Qc7 6. f4 a6 7. Nxc6 Qxc6 8. Bd3 Nf6 9. Qe2 Bb4 10. Bd2 d5 11. e5 Nd7 12. O-O-O Nc5 13. Kb1 Nxd3 14. Qxd3 Be7 15. g4 Bd7 16. f5 O-O-O 17. Be3 b5 18. Qd4 b4 19. fxe6 Bxe6 20. Ne2 f6 21. exf6 gxf6 22. h3 Bf7 23. Nf4 Bg6 24. Rh2 Be4 25. Nd3 a5 26. Qa7 Qc7 27. Qa6+ Kb8 28. Rf2 Rd6 29. Qb5+ Kc8 30. Bf4 Qb6 31. Qc5+ Qxc5 32. Nxc5 Rdd8 33. Nxe4 dxe4 34. Kc1 Bc5 35. Re2 Rxd1+ 36. Kxd1 Re8 37. Ke1 Bd4 38. b3 Kb7 39. Be3 Bc3+ 40. Kf2 f5 41. gxf5 Kc6 42. Kf1 Rf8 43. Rf2 Kd5 44. Ke2 Bf6 45. Rf1 Rc8 46. Rd1+ Kc6 47. Bf4 Rd8 48. Rxd8 Bxd8 49. Be5 Kd5 50. Bb2 Bb6 51. Kf1 Bc5 52. Kg2 Bd6 53. f6 Ke6 54. Bd4 Bc7 55. Kf2 Bd8 56. Ke3 Bxf6 57. Bb6 Kf5 58. Bxa5 Bg5+ 59. Ke2 Be7 60. c3 bxc3 61. Bxc3 Kf4 62. Be1 e3 63. a4 Ke4 64. a5 Kd4 65. b4 Bd8 66. b5 Kc5 67. b6 Bg5 68. Kf3 Kc6 69. h4 Bh6 70. Bc3 Bf8 71. Kxe3 Be7 72. h5 Bd8 73. Ke4 Be7 74. Kf5 Bf8 75. Ke6 Bc5 76. Kf7 Be3 77. Kg7 h6 78. Kg6 Bf4 79. Bd4 Kb7 80. Bg7 Bd2 81. Bxh6 Bxa5 82. Be3 Bc3 83. h6 Bb2 84. h7 Bh8 85. Bh6 Kxb6 86. Bg7 Kc6 87. Bxh8 Kd7 88. Ba1 Ke7 89. h8=Q Ke6 90. Qe5+ Kd7 91. Kf6 Kd8 92. Qe7+ Kc8 93. Ke6 Kb8 94. Kd6 Ka8 95. Kc6 Kb8 96. Qb7# 1-0

[Event "FIDE WYCC Open U14 2023"]
[Site "Montesilvano"]
[Date "2023.11.14"]
[Round "2.33"]
[White "Zaragoza Alanis, Miguel Arnulfo"]
[Black "Malinowsky, Levi"]
[Result "1/2-1/2"]
[ECO "B90"]
[WhiteElo "1838"]
[BlackElo "2135"]
[Annotator "NA"]
[PlyCount "63"]
[EventDate "2023.11.13"]
[EventType "swiss"]
[EventCountry "ITA"]
[SourceTitle "playchess.com"]
[Source "ChessBase"]
[SourceQuality "1"]
[TimeControl "40/5400+30:1800+30"]

1. e4 c5 2. Nf3 d6 3. d4 cxd4 4. Nxd4 Nf6 5. Nc3 a6 6. f3 e5 7. Nb3 Be6 8. Be3 h5 9. Nd5 Bxd5 10. exd5 Nbd7 11. c4 g6 12. Be2 Bg7 13. O-O O-O 14. Qd2 b6 15. Rac1 a5 16. Na1 Nc5 17. Nc2 Nfd7 18. Na3 f5 19. Nb5 Qe7 20. Bh6 Rae8 21. Bxg7 Kxg7 22. Rcd1 h4 23. Nc7 Rd8 24. Rfe1 h3 25. g3 f4 26. g4 Nf6 27. Nb5 Nxg4 28. fxg4 f3 29. Rf1 fxe2 30. Qxe2 Qd7 31. Kh1 g5 32. Nc3 1/2-1/2

[Event "FIDE WYCC Open U14 2023"]
[Site "Montesilvano"]
[Date "2023.11.14"]
[Round "2.34"]
[White "Vingris, Mikelis"]
[Black "Hernandez Mendez, Iker"]
[Result "1-0"]
[ECO "B07"]
[WhiteElo "2127"]
[BlackElo "1919"]
[Annotator "NA"]
[PlyCount "87"]
[EventDate "2023.11.13"]
[EventType "swiss"]
[EventCountry "ITA"]
[SourceTitle "playchess.com"]
[Source "ChessBase"]
[SourceQuality "1"]
[TimeControl "40/5400+30:1800+30"]

1. e4 d6 2. d4 Nf6 3. Nc3 g6 4. Be3 Bg7 5. Qd2 c6 6. f3 Qa5 7. g4 b5 8. h4 b4 9. Nce2 h5 10. g5 Nfd7 11. Nh3 Nb6 12. Nc1 Ba6 13. Nb3 Qa4 14. Bxa6 Nxa6 15. Qe2 c5 16. O-O c4 17. Nc1 Rc8 18. c3 bxc3 19. bxc3 Qa3 20. Qc2 Na4 21. Ne2 Nb4 22. Qc1 Qxc1 23. Rfxc1 Nd3 24. Rcb1 Ndb2 25. Nf2 O-O 26. Nd1 Rb8 27. Nxb2 Nxb2 28. f4 Rb7 29. f5 Rfb8 30. Rf1 Na4 31. f6 Bf8 32. Bc1 e6 33. Ba3 d5 34. Bxf8 Kxf8 35. exd5 exd5 36. Rac1 Rb2 37. Nf4 Rxa2 38. Rfe1 Nb6 39. Re5 Re8 40. Rxe8+ Kxe8 41. Re1+ Kf8 42. Re7 Kg8 43. Re8+ Kh7 44. Re7 1-0

[Event "FIDE WYCC Open U14 2023"]
[Site "Montesilvano"]
[Date "2023.11.14"]
[Round "2.35"]
[White "Kabylbek, Yedil"]
[Black "Tao, Sihan"]
[Result "1/2-1/2"]
[ECO "E06"]
[WhiteElo "1710"]
[BlackElo "2122"]
[Annotator "NA"]
[PlyCount "71"]
[EventDate "2023.11.13"]
[EventType "swiss"]
[EventCountry "ITA"]
[SourceTitle "playchess.com"]
[Source "ChessBase"]
[SourceQuality "1"]
[TimeControl "40/5400+30:1800+30"]

1. d4 Nf6 2. c4 e6 3. g3 d5 4. Bg2 Be7 5. Nf3 O-O 6. O-O dxc4 7. Ne5 Nc6 8. Bxc6 bxc6 9. Nxc6 Qe8 10. Nxe7+ Qxe7 11. Na3 c5 12. dxc5 Qxc5 13. Qc2 Bb7 14. Be3 Qh5 15. f3 Rfc8 16. Rac1 Nd5 17. Bd2 Ba6 18. Qa4 Qe5 19. e4 c3 20. Qxa6 Nb4 21. Qe2 cxd2 22. Qxd2 Nxa2 23. Rxc8+ Rxc8 24. Rd1 h5 25. Qd4 Qb8 26. Nc4 Qb3 27. Ne5 Nb4 28. Qd7 Rf8 29. Rd2 Qe3+ 30. Kg2 h4 31. Qd4 Qxd4 32. Rxd4 Rb8 33. Rd7 hxg3 34. hxg3 f6 35. Nc4 a6 36. f4 1/2-1/2

[Event "FIDE WYCC Open U14 2023"]
[Site "Montesilvano"]
[Date "2023.11.15"]
[Round "3.1"]
[White "Daakshin Arun"]
[Black "Tregubenko, Nikolay"]
[Result "1-0"]
[ECO "E73"]
[WhiteElo "2342"]
[BlackElo "2138"]
[Annotator "RC"]
[PlyCount "77"]
[EventDate "2023.11.13"]
[EventType "swiss"]
[EventCountry "ITA"]
[SourceTitle "playchess.com"]
[Source "ChessBase"]
[SourceQuality "1"]
[TimeControl "40/5400+30:1800+30"]

1. d4 Nf6 2. c4 g6 3. Nc3 Bg7 4. e4 d6 5. Be2 O-O 6. h4 c5 7. d5 e6 8. h5 exd5 9. exd5 Re8 10. h6 Bh8 11. Bg5 Qb6 12. b3 Ne4 13. Nxe4 Rxe4 14. Kf1 Nd7 15. Nf3 Re8 16. Rc1 Ne5 17. g3 a5 18. Kg2 a4 19. Re1 axb3 20. axb3 Nxf3 21. Bxf3 Bf5 22. Ra1 Be5 23. Rxa8 Rxa8 24. Bg4 Bxg4 25. Qxg4 f5 26. Qf3 Re8 27. Qd1 Rf8 28. f4 Bf6 29. Bxf6 Rxf6 30. Re8+ Rf8 31. Qa1 Kf7 32. Rxf8+ Kxf8 33. Qh8+ Ke7 34. Qxh7+ Kd8 35. Qg8+ Kc7 36. h7 Qxb3 37. h8=Q Qc2+ 38. Kh3 Qf2 39. Qd8# 1-0

[Event "FIDE WYCC Open U14 2023"]
[Site "Montesilvano"]
[Date "2023.11.15"]
[Round "3.2"]
[White "Farias, David Nuno M E"]
[Black "Goh, Zi Han"]
[Result "1/2-1/2"]
[ECO "B53"]
[WhiteElo "2149"]
[BlackElo "2333"]
[Annotator "RC"]
[PlyCount "103"]
[EventDate "2023.11.13"]
[EventType "swiss"]
[EventCountry "ITA"]
[SourceTitle "playchess.com"]
[Source "ChessBase"]
[SourceQuality "1"]
[TimeControl "40/5400+30:1800+30"]

1. e4 c5 2. Nf3 d6 3. d4 cxd4 4. Qxd4 Nc6 5. Bb5 Bd7 6. Qd3 g6 7. c4 Bg7 8. Nc3 Nf6 9. h3 a6 10. Bxc6 Bxc6 11. O-O O-O 12. Nd4 Rc8 13. Be3 Nd7 14. Rac1 Qe8 15. Rfd1 Nc5 16. Qc2 b5 17. b4 Nd7 18. cxb5 Bxb5 19. Ndxb5 axb5 20. Qd3 Rc4 21. Nd5 Ne5 22. Qe2 e6 23. Rxc4 Nxc4 24. Nb6 Nxe3 25. Qxe3 Qc6 26. Rc1 Qb7 27. Rd1 Rb8 28. Rxd6 Bf8 29. Rd7 Qxb6 30. Qf4 Be7 31. Rxe7 Rf8 32. Qd2 Rd8 33. Rd7 Rxd7 34. Qxd7 Qa6 35. Qd8+ Kg7 36. Qd4+ Kg8 37. Qd2 Qc6 38. Qd8+ Kg7 39. Qd4+ Kg8 40. Qc5 Qd7 41. Kh2 h5 42. a3 Kg7 43. Qe5+ Kg8 44. g3 Qd2 45. Qc5 Qd3 46. Qc6 h4 47. gxh4 Qf3 48. Kg1 Qxh3 49. Qxb5 Qg4+ 50. Kf1 Qd1+ 51. Kg2 Qg4+ 52. Kf1 1/2-1/2

[Event "FIDE WYCC Open U14 2023"]
[Site "Montesilvano"]
[Date "2023.11.15"]
[Round "3.3"]
[White "Kozlovic, Jernej"]
[Black "Vingris, Mikelis"]
[Result "1/2-1/2"]
[ECO "B51"]
[WhiteElo "2263"]
[BlackElo "2127"]
[Annotator "ChessBase"]
[PlyCount "66"]
[EventDate "2023.11.13"]
[EventType "swiss"]
[EventCountry "ITA"]
[SourceTitle "playchess.com"]
[Source "ChessBase"]
[SourceQuality "1"]
[TimeControl "40/5400+30:1800+30"]

1. e4 c5 2. Nf3 d6 3. Bb5+ Nd7 4. O-O Ngf6 5. Re1 g6 6. c3 a6 7. Bxd7+ Bxd7 8. d4 cxd4 9. cxd4 Bc6 10. Nc3 Bg7 11. Bf4 O-O 12. Qd2 b5 13. a3 Rc8 14. Bh6 Bb7 15. Rad1 Qb6 16. Bxg7 Kxg7 17. e5 Nd5 18. exd6 exd6 19. Ne2 Qc7 20. Rc1 Qd7 21. Qd3 Rxc1 22. Rxc1 Re8 23. Qd2 Qg4 24. h3 Qf5 25. Ng3 Qf6 26. Re1 Rxe1+ 27. Nxe1 Nf4 28. Kh2 Qh4 29. f3 Nd5 30. Ne4 Qe7 31. Nc2 f5 32. Nc3 Nb6 33. Qe2 Qf7 1/2-1/2

[Event "FIDE WYCC Open U14 2023"]
[Site "Montesilvano"]
[Date "2023.11.15"]
[Round "3.4"]
[White "Medhus, Vitus Bondo"]
[Black "Akhmedov, David"]
[Result "1-0"]
[ECO "B23"]
[WhiteElo "2108"]
[BlackElo "2240"]
[Annotator "ChessBase"]
[PlyCount "91"]
[EventDate "2023.11.13"]
[EventType "swiss"]
[EventCountry "ITA"]
[SourceTitle "playchess.com"]
[Source "ChessBase"]
[SourceQuality "1"]
[TimeControl "40/5400+30:1800+30"]

1. e4 c5 2. Nc3 Nc6 3. Nge2 g6 4. g3 Bg7 5. Bg2 Rb8 6. a4 a6 7. b3 e6 8. f4 d6 9. O-O Nge7 10. Bb2 O-O 11. Qc1 d5 12. d3 d4 13. Nb1 b6 14. Nd2 Bb7 15. Nf3 f5 16. Qd2 Qd7 17. Rae1 Rbd8 18. Nc1 h6 19. Ba3 Kh7 20. a5 fxe4 21. dxe4 Nxa5 22. Bxc5 bxc5 23. Qxa5 Qb5 24. Qd2 Nc6 25. Rf2 Qb6 26. Nd3 a5 27. Nb2 Qc7 28. Nc4 Ba6 29. e5 Bxc4 30. bxc4 Nb4 31. Nh4 Rg8 32. Be4 Bf8 33. Qe2 Rd7 34. Qg4 Rdg7 35. Qxe6 Qe7 36. Qh3 Kh8 37. f5 Qxe5 38. Nxg6+ Rxg6 39. fxg6 Bg7 40. Rf7 Rd8 41. Qh4 Re8 42. Ref1 d3 43. cxd3 Qd4+ 44. R1f2 Nxd3 45. Bxd3 Qxd3 46. Rxg7 1-0

[Event "FIDE WYCC Open U14 2023"]
[Site "Montesilvano"]
[Date "2023.11.15"]
[Round "3.5"]
[White "Ljepic, Andrej"]
[Black "Lin, Leo"]
[Result "1-0"]
[ECO "B51"]
[WhiteElo "2236"]
[BlackElo "2097"]
[Annotator "ChessBase"]
[PlyCount "125"]
[EventDate "2023.11.13"]
[EventType "swiss"]
[EventCountry "ITA"]
[SourceTitle "playchess.com"]
[Source "ChessBase"]
[SourceQuality "1"]
[TimeControl "40/5400+30:1800+30"]

1. e4 c5 2. Nf3 d6 3. Bb5+ Nd7 4. O-O a6 5. Bd3 Ngf6 6. c3 b5 7. Bc2 Bb7 8. Re1 c4 9. b3 e5 10. Na3 Qc7 11. Rb1 cxb3 12. axb3 Be7 13. Bb2 O-O 14. d4 Rfe8 15. d5 Bd8 16. b4 Rc8 17. Qe2 Nb6 18. Bb3 Qb8 19. Nd2 Nfd7 20. c4 bxc4 21. Ndxc4 f5 22. exf5 Bxd5 23. Qd3 Bxc4 24. Nxc4 d5 25. Nxb6 Nxb6 26. Bxd5+ Nxd5 27. Qxd5+ Kh8 28. Bxe5 Bc7 29. Bxc7 Qxc7 30. Rxe8+ Rxe8 31. g3 h6 32. Ra1 Qb6 33. Qc5 Qb7 34. f6 gxf6 35. Qh5 Re6 36. Qxh6+ Kg8 37. Qg6+ Kf8 38. Rd1 Qe7 39. h4 Re1+ 40. Rxe1 Qxe1+ 41. Kg2 Qe5 42. h5 Qd5+ 43. f3 Qa2+ 44. Kh3 Qe6+ 45. Kh4 Qc4+ 46. f4 Qc6 47. h6 Qh1+ 48. Kg4 Qd1+ 49. Kf5 Qd3+ 50. Kxf6 Qc3+ 51. Ke6 Qe3+ 52. Kd7 Qa7+ 53. Kc6 Qa8+ 54. Kc5 Qc8+ 55. Qc6 Qf5+ 56. Kb6 Qd3 57. Qc8+ Kf7 58. Qc7+ Ke8 59. h7 Qd4+ 60. Kb7 Qxb4+ 61. Ka8 Qe4+ 62. Qb7 Qd4 63. h8=Q+ 1-0

[Event "FIDE WYCC Open U14 2023"]
[Site "Montesilvano"]
[Date "2023.11.15"]
[Round "3.6"]
[White "Warchol, Kamil"]
[Black "Nurgaliyev, Sauat"]
[Result "1/2-1/2"]
[ECO "B90"]
[WhiteElo "2095"]
[BlackElo "2235"]
[Annotator "ChessBase"]
[PlyCount "114"]
[EventDate "2023.11.13"]
[EventType "swiss"]
[EventCountry "ITA"]
[SourceTitle "playchess.com"]
[Source "ChessBase"]
[SourceQuality "1"]
[TimeControl "40/5400+30:1800+30"]

1. e4 c5 2. Nf3 d6 3. d4 cxd4 4. Nxd4 Nf6 5. Nc3 a6 6. Be3 e5 7. Nf3 Be7 8. Bc4 O-O 9. O-O Be6 10. Bb3 b5 11. Qe2 Qc7 12. Rad1 Rc8 13. Bg5 Nbd7 14. Nh4 g6 15. f4 Bxb3 16. axb3 b4 17. fxe5 Nxe5 18. Bxf6 Bxf6 19. Rxf6 bxc3 20. bxc3 Qe7 21. Rf4 Qa7+ 22. Rf2 Rxc3 23. h3 Re3 24. Qd2 Rxe4 25. Qxd6 Rf4 26. Rdf1 Qe3 27. Nf3 Nxf3+ 28. gxf3 Rxf3 29. Kg2 Rxf2+ 30. Rxf2 Qe4+ 31. Kg1 Re8 32. Qxa6 f5 33. Kh2 Qe5+ 34. Kg2 Kg7 35. Qb7+ Re7 36. Qf3 h5 37. Rd2 h4 38. Qd3 Kh7 39. Qf3 Kh6 40. Rf2 Kg7 41. Qd3 Qf6 42. Re2 Rf7 43. Rd2 Qg5+ 44. Kh2 Qf4+ 45. Kg2 Kh7 46. Re2 Qc7 47. Qf3 Rd7 48. Qf2 Qd8 49. Qe3 Qf6 50. Kf2 Rf7 51. Qe6 Qd4+ 52. Kg2 Ra7 53. c4 Rb7 54. Qe3 Qf6 55. Qf3 Ra7 56. Qe3 Qc6+ 57. Kf2 Rb7 1/2-1/2

[Event "FIDE WYCC Open U14 2023"]
[Site "Montesilvano"]
[Date "2023.11.15"]
[Round "3.7"]
[White "Brattgjerd, Isak Vinh"]
[Black "Davudov, Tunar"]
[Result "1-0"]
[ECO "B48"]
[WhiteElo "2235"]
[BlackElo "2000"]
[Annotator "ChessBase"]
[PlyCount "121"]
[EventDate "2023.11.13"]
[EventType "swiss"]
[EventCountry "ITA"]
[SourceTitle "playchess.com"]
[Source "ChessBase"]
[SourceQuality "1"]
[TimeControl "40/5400+30:1800+30"]

1. e4 c5 2. Nf3 e6 3. d4 cxd4 4. Nxd4 Nc6 5. Nc3 Qc7 6. Be3 a6 7. Qf3 Nf6 8. O-O-O Ne5 9. Qg3 b5 10. Ndxb5 axb5 11. Nxb5 Qb8 12. Bf4 Nxe4 13. Bxe5 Nxg3 14. Bxb8 Nxh1 15. Nc7+ Kd8 16. Nxa8 Nxf2 17. Bc7+ Ke8 18. Re1 Bb7 19. Nb6 Bc5 20. Na4 Ba7 21. Nc3 Ke7 22. a4 Rc8 23. Bg3 d5 24. Nb5 Bc5 25. b4 Bxb4 26. Bxf2 Bxe1 27. Bxe1 Ra8 28. a5 Kd7 29. Kb2 Ba6 30. Kb3 Rb8 31. Ka4 e5 32. Bb4 f6 33. Bc5 Rc8 34. Kb4 f5 35. c3 g5 36. Bd3 e4 37. Bc2 f4 38. Ba4 Ke6 39. Nd4+ Kf6 40. Bb5 Bxb5 41. Kxb5 g4 42. a6 f3 43. gxf3 exf3 44. Nc6 Kg5 45. a7 Ra8 46. Ne7 Kh4 47. Nxd5 h5 48. Kb6 Kh3 49. Nf4+ Kxh2 50. Nxh5 Rd8 51. Kb7 Rd7+ 52. Kc6 Rd8 53. Bb6 Ra8 54. Kb7 Rf8 55. a8=Q Rxa8 56. Kxa8 Kh3 57. c4 Kh4 58. Nf6 g3 59. Ne4 g2 60. Bg1 Kg4 61. c5 1-0

[Event "FIDE WYCC Open U14 2023"]
[Site "Montesilvano"]
[Date "2023.11.15"]
[Round "3.8"]
[White "Ji, Jiahao Eric"]
[Black "Mamedov, Edgar"]
[Result "0-1"]
[ECO "B33"]
[WhiteElo "2045"]
[BlackElo "2234"]
[Annotator "ChessBase"]
[PlyCount "80"]
[EventDate "2023.11.13"]
[EventType "swiss"]
[EventCountry "ITA"]
[SourceTitle "playchess.com"]
[Source "ChessBase"]
[SourceQuality "1"]
[TimeControl "40/5400+30:1800+30"]

1. e4 c5 2. Nf3 Nc6 3. d4 cxd4 4. Nxd4 Nf6 5. Nc3 e5 6. Ndb5 d6 7. Bg5 a6 8. Na3 b5 9. Nd5 Be7 10. Bxf6 Bxf6 11. c3 Rb8 12. Nc2 Bg5 13. a4 bxa4 14. Ncb4 Nxb4 15. cxb4 O-O 16. Rxa4 a5 17. Bc4 Bd7 18. Ra1 axb4 19. O-O Qc8 20. Bb3 Qc5 21. Qh5 h6 22. Rfd1 g6 23. Qf3 Kg7 24. h4 Bxh4 25. Rdc1 Ra8 26. Rxc5 Rxa1+ 27. Kh2 dxc5 28. Qe3 Rb1 29. Qd2 Bg5 30. Ne3 Bf4+ 31. g3 Bxe3 32. fxe3 Bg4 33. Qc2 Re1 34. Qxc5 Re2+ 35. Kg1 Ra8 36. Qxe5+ Kh7 37. Qd5 Ra1+ 38. Bd1 Rxd1+ 39. Qxd1 Rg2+ 40. Kxg2 Bxd1 0-1